 Dungeon Crawl Stone Soup version 0.23.2-40-g277498a001 (webtiles) character file.

Game seed: 7236863862410079486

13106 Cykl0x the Carver (level 12, -2/101 HPs)
             Began as a Formicid Fighter on Aug 27, 2019.
             Was a High Priest of Makhleb.
             Killed from afar by Frances (21 damage)
             ... with a shard of ice
             ... on level 12 of the Dungeon.
             The game lasted 00:26:52 (9790 turns).

Cykl0x the Carver (Formicid Fighter)                Turns: 9790, Time: 00:26:52

Health: -2/101     AC: 15    Str: 24    XL:     12   Next: 28%
Magic:  18/18      EV:  8    Int:  9    God:    Makhleb [*****.]
Gold:   280        SH: 15    Dex: 11    Spells: 11/11 levels left

rFire    . . .     SeeInvis +   J - +6 great sword (freeze)
rCold    . . .     Gourm    .   c - +3 shield
rNeg     . . .     Faith    +   w - +0 plate armour
rPois    +         Spirit   .   (helmet unavailable)
rElec    .         Reflect  .   L - scarf {cloud immunity}
rCorr    +         Harm     .   (no gloves)
MR       +....                  j - +0 pair of boots
Stlth    ..........             t - amulet of faith
HPRegen  0.26/turn              h - ring of resist corrosion
MPRegen  0.16/turn              I - ring of Jagufoci {Wiz Stlth+}

@: no status effects
A: permanent stasis, dig shafts and tunnels, four strong arms, antennae 3,
poison resistance, robust 1
a: Dig, Shaft Self, Minor Destruction, Lesser Servant of Makhleb, Major
Destruction, Greater Servant of Makhleb, Renounce Religion


You were on level 12 of the Dungeon.
You worshipped Makhleb.
Makhleb was extremely pleased with you.
You were not hungry.

You visited 2 branches of the dungeon, and saw 13 of its levels.

You collected 520 gold pieces.
You spent 240 gold pieces at shops.

Inventory:

Hand Weapons
 a - a +0 long sword
 m - a +1 scimitar of draining
 u - a +0 scythe
 J - a +6 great sword of freezing (weapon)
Missiles
 v - 19 tomahawks (quivered)
Armour
 c - a +3 shield (worn)
 j - a +0 pair of boots (worn)
 k - a +0 chain mail
 o - a +0 cloak
 w - a +0 plate armour (worn)
 G - a scarf of repulsion
 L - a scarf of cloud immunity (worn)
Jewellery
 h - a ring of resist corrosion (left hand)
 t - an amulet of faith (around neck)
 I - the ring of Jagufoci (right hand) {Wiz Stlth+}
   (You found it on level 11 of the Dungeon)

   [ring of wizardry]

   It improves your spell success rate.
   It makes you more stealthy.
 K - an uncursed ring of flight {unknown}
Wands
 e - a wand of random effects (46)
 r - a wand of iceblast (8)
 x - a wand of polymorph (6)
 y - a wand of flame (12)
 C - a wand of digging (5)
 D - a wand of paralysis (8)
Scrolls
 b - 2 scrolls of identify
 g - 5 scrolls of remove curse
 H - a scroll of magic mapping
Potions
 d - 2 potions of might
 i - 4 potions of resistance
 l - 6 potions of curing
 n - 4 potions of flight
 p - a potion of mutation
 q - 2 potions of lignification
 s - a potion of heal wounds
 z - a potion of agility
 A - a potion of haste {unknown}
 B - a potion of invisibility {unknown}
 E - a potion of ambrosia {unknown}
 N - a potion of berserk rage {unknown}
Comestibles
 f - 29 rations
 M - 5 chunks of flesh


   Skills:
 + Level 7.7 Fighting
 + Level 11.5 Long Blades
 + Level 2.5 Throwing
 + Level 8.0 Armour
 + Level 2.8 Dodging
 + Level 1.5 Stealth
 + Level 10.6 Shields
 * Level 8.7 Invocations


You had 11 spell levels left.
You didn't know any spells.
Your spell library contained the following spells:

 Spells                   Type           Power        Failure   Level  Hunger
 Animate Skeleton         Necr           N/A          87%         1    ##.....
 Apportation              Tloc           #.....       87%         1    ##.....
 Beastly Appendage        Tmut           #.....       87%         1    ##.....
 Confusing Touch          Hex            #.....       87%         1    ##.....
 Corona                   Hex            #......      87%         1    ##.....
 Flame Tongue             Conj/Fire      #....        87%         1    ##.....
 Magic Dart               Conj           #...         87%         1    ##.....
 Summon Small Mammal      Summ           #...         87%         1    ##.....
 Call Imp                 Summ           #.......     95%         2    ###....
 Ensorcelled Hibernation  Hex/Ice        #.....       95%         2    ###....
 Shroud of Golubria       Chrm/Tloc      #.........   95%         2    ###....
 Slow                     Hex            #.......     95%         2    ###....
 Sticks to Snakes         Tmut           #.......     95%         2    ###....
 Throw Flame              Conj/Fire      #.....       95%         2    ###....
 Confuse                  Hex            #.......     99%         3    ####...
 Conjure Flame            Conj/Fire      #.......     99%         3    ####...
 Dazzling Spray           Conj/Hex       #.....       99%         3    ####...
 Mephitic Cloud           Conj/Pois/Air  #.......     99%         3    ####...
 Spider Form              Tmut/Pois      #.........   99%         3    ####...
 Tukima's Dance           Hex            #.......     99%         3    ####...
 Ice Form                 Ice/Tmut       #.......     100%        4    #####..
 Passage of Golubria      Tloc           N/A          100%        4    #####..
 Blade Hands              Tmut           #.........   100%        5    ######.
 Bolt of Magma            Conj/Fire/Erth #.........   100%        5    ######.
 Blink                    Tloc           Unusable     N/A         2    N/A

Dungeon Overview and Level Annotations

Branches:
Dungeon (12/15)            Temple (1/1) D:4            Lair (0/6) D:11
    Orc (0/2) D:12

Altars:
Ashenzari
Cheibriados
Dithmenos
Elyvilon
Fedhas
Gozag
Hepliaklqana
Kikubaaqudgha
Makhleb
Nemelex Xobeh
Okawaru
Qazlal
Ru
Sif Muna
Trog
Uskayaw
Vehumet
Wu Jian
Xom
Yredelemnul
Zin
The Shining One

Shops:
D:8 *   D:9 [   D:11 ?

Annotations:
D:12 Frances


Innate Abilities, Weirdness & Mutations

You cannot be hasted, slowed, berserked, paralysed or teleported.
You can dig through walls and to a lower floor.
Your four strong arms can wield two-handed weapons with a shield.
You have a pair of large antennae on your head. (SInv)
Your system is resistant to poisons. (rPois)
You are robust. (+10% HP)


Message History

You hit Frances. You freeze Frances.
Frances is moderately wounded.
Frances screams a word of power!
You slice Frances!! You freeze Frances!
Frances is heavily wounded.
Frances hits you with a +0 battleaxe!
You slash Frances! You freeze Frances.
Frances is heavily wounded.
Frances hits you with a +0 battleaxe!
* * * LOW HITPOINT WARNING * * *
You hear a bellow!
You hit Frances. You freeze Frances.
Frances is heavily wounded.
Frances runs a finger over her scar.
Frances barely misses you.
You slice Frances!! You freeze Frances.
Frances is severely wounded.
Frances whispers indecipherable words.
The shard of ice hits you!!
You die...

#################
................#
###..##########.#################
###..##########..................
....................{............
...#..#.####<.#####..#.#..###..##
..............##@#{#.# #....#....
.##########...###@##.###..###..##
.# ..#...######............. .+
#.#..........###..###..## .#
#.#(.######....#..#....#. .# {
#.#..#######@###..###..#. .#
#.#........... .......... .#
#.#..........###..###..#.
.#.#+####.'.#####....#.#..#....#.


You could see Frances.

Vanquished Creatures
  A two-headed ogre (D:8)
  Nergalle (D:12)
  An unseen horror (D:12)
  2 deep elf magi (D:12)
  2 ugly things
  A cyclops (D:11)
  A manticore (D:11)
  2 gargoyles
  A centaur skeleton (D:11)
  3 trolls
  A hornet (D:8)
  2 hippogriffs
  Sigmund (D:6)
  2 wyverns
  2 wraiths (D:11)
  5 yaks (D:9)
  3 vampire mosquitoes (D:11)
  An acid dragon (D:11)
  An ice beast (D:6)
  6 orc warriors
  5 sky beasts
  2 phantoms
  4 ogres
  An eye of draining (D:12)
  5 centaurs
  A crocodile (D:11)
  Blork the orc (D:6)
  2 big kobolds
  3 bullfrogs
  A wyvern zombie (D:11)
  A wyvern skeleton (D:8)
  2 scorpions
  11 killer bees
  6 wights (D:11)
  5 howler monkeys
  2 crimson imps
  A lava snake (D:11)
  2 bullfrog zombies
  6 hounds
  A jelly (D:6)
  6 orc priests
  2 bullfrog skeletons
  7 iguanas
  Jessica (D:3)
  Natasha (thrice) (D:3)
  8 orc wizards
  9 worker ants
  A hound skeleton (D:11)
  A hound zombie (D:9)
  A worker ant zombie (D:6)
  Robin (D:4)
  7 gnolls
  10 adders
  5 shadow imps
  2 adder zombies
  4 worms
  5 dart slugs
  5 leopard geckos
  41 orcs
  9 bats
  13 giant cockroaches
  22 goblins
  9 hobgoblins
  8 jackals
  2 quokkas
  5 frilled lizards
  10 kobolds
  A quokka skeleton (D:9)
  5 rats
304 creatures vanquished.

Vanquished Creatures (others)
  A quokka (D:5)
1 creature vanquished.

Grand Total: 305 creatures vanquished

Notes
Turn   | Place    | Note
-------+----------+-------------------------------------------
     0 | D:1      | Cykl0x the Formicid Fighter began the quest for the Orb.
     0 | D:1      | Reached XP level 1. HP: 18/18 MP: 1/1
    65 | D:1      | Reached XP level 2. HP: 17/24 MP: 2/2
   282 | D:1      | Reached XP level 3. HP: 24/29 MP: 3/3
   743 | D:1      | Reached XP level 4. HP: 36/36 MP: 4/4
  1288 | D:2      | Reached skill level 3 in Long Blades
  1301 | D:2      | Found a blossoming altar of Fedhas.
  1382 | D:2      | Noticed a centaur
  1393 | D:2      | Killed a centaur
  1393 | D:2      | Reached XP level 5. HP: 22/42 MP: 5/5
  1418 | D:2      | Found a snail-covered altar of Cheibriados.
  1443 | D:2      | Found a glowing silver altar of Zin.
  1576 | D:2      | Found a shadowy altar of Dithmenos.
  1770 | D:2      | Found an ornate altar of the Wu Jian Council.
  1913 | D:2      | Reached skill level 4 in Long Blades
  2154 | D:3      | Reached skill level 1 in Throwing
  2154 | D:3      | Reached XP level 6. HP: 48/48 MP: 6/6
  2391 | D:3      | Noticed Natasha
  2392 | D:3      | Found a radiant altar of Vehumet.
  2392 | D:3      | Found a basalt altar of Yredelemnul.
  2395 | D:3      | Found a hide-covered altar of Uskayaw.
  2400 | D:3      | Killed Natasha
  2587 | D:3      | Noticed Jessica
  2595 | D:3      | Killed Jessica
  2862 | D:3      | Noticed Natasha
  2879 | D:3      | Killed Natasha
  2899 | D:3      | Noticed Natasha
  2918 | D:3      | Killed Natasha
  2918 | D:3      | Reached XP level 7. HP: 34/54 MP: 7/7
  3007 | D:4      | Reached skill level 5 in Shields
  3014 | D:4      | Reached skill level 5 in Long Blades
  3117 | D:4      | Noticed Robin
  3134 | D:4      | Killed Robin
  3204 | D:4      | Found a staircase to the Ecumenical Temple.
  3216 | Temple   | Entered the Ecumenical Temple
  3288 | Temple   | Became a worshipper of Makhleb the Destroyer
  3439 | D:4      | Found an iron altar of Okawaru.
  3648 | D:4      | Reached skill level 1 in Dodging
  3850 | D:5      | Entered Level 5 of the Dungeon
  3938 | D:5      | Reached XP level 8. HP: 45/61 MP: 8/8
  3954 | D:5      | Reached skill level 6 in Long Blades
  4447 | D:5      | Got a warped leather armour
  4448 | D:5      | Identified the +3 leather armour "Riamini" {rF+ Str+2
                  | Int+4} (You found it on level 5 of the Dungeon)
  4465 | D:5      | Found a white marble altar of Elyvilon.
  4488 | D:5      | Gained mutation: Your system is resistant to poisons.
                  | (rPois) [potion of mutation]
  4488 | D:5      | Gained mutation: You are robust. (+10% HP) [potion of
                  | mutation]
  4719 | D:5      | Reached skill level 5 in Armour
  4812 | D:6      | Reached * piety under Makhleb
  4888 | D:6      | Reached skill level 5 in Fighting
  4975 | D:6      | Noticed Sigmund
  4999 | D:6      | Killed Sigmund
  4999 | D:6      | Reached skill level 7 in Long Blades
  4999 | D:6      | Reached XP level 9. HP: 72/74 MP: 9/9
  5062 | D:6      | Reached skill level 1 in Stealth
  5223 | D:6      | Noticed Blork the orc
  5228 | D:6      | Killed Blork the orc
  5783 | D:8      | Reached ** piety under Makhleb
  5783 | D:8      | Reached skill level 1 in Invocations
  5958 | D:8      | Noticed a two-headed ogre
  5974 | D:8      | Killed a two-headed ogre
  5974 | D:8      | Reached skill level 8 in Long Blades
  5974 | D:8      | Reached XP level 10. HP: 29/83 MP: 10/12
  6394 | D:8      | Found Kustriuma's General Store.
  6608 | D:9      | Reached skill level 9 in Long Blades
  6660 | D:9      | Reached skill level 5 in Invocations
  6884 | D:9      | Found Sizasch Saomi's Armour Boutique.
  6907 | D:9      | Reached *** piety under Makhleb
  6967 | D:9      | Found a sacrificial altar of Ru.
  7196 | D:9      | Found a sparkling altar of Nemelex Xobeh.
  7621 | D:10     | Entered Level 10 of the Dungeon
  7653 | D:10     | Reached XP level 11. HP: 67/91 MP: 15/15
  8249 | D:11     | Reached skill level 10 in Long Blades
  8278 | D:11     | Found Couc Qoj's Magic Scroll Shoppe.
  8283 | D:11     | Bought a scroll of brand weapon for 240 gold pieces
  8312 | D:11     | Found a staircase to the Lair.
  8364 | D:11     | Noticed a green ugly thing
  8374 | D:11     | Killed a green ugly thing
  8375 | D:11     | Reached **** piety under Makhleb
  8395 | D:11     | Reached skill level 10 in Shields
  8768 | D:11     | Noticed a cyclops
  8783 | D:11     | Killed a cyclops
  8900 | D:11     | Got a transparent glass ring
  8901 | D:11     | Identified the ring of Jagufoci {Wiz Stlth+} (You found it
                  | on level 11 of the Dungeon)
  9041 | D:11     | Noticed a manticore
  9059 | D:11     | Killed a manticore
  9068 | D:11     | Reached ***** piety under Makhleb
  9372 | D:12     | Found a staircase to the Orcish Mines.
  9372 | D:12     | Noticed Nergalle
  9382 | D:12     | Reached XP level 12. HP: 100/100 MP: 9/18
  9396 | D:12     | Killed Nergalle
  9396 | D:12     | Reached skill level 11 in Long Blades
  9454 | D:12     | Identified the Tome of Blistering Displacement
  9504 | D:12     | Noticed an unseen horror
  9513 | D:12     | Killed an unseen horror
  9682 | D:12     | Noticed Frances
  9790 | D:12     | Killed from afar by Frances

Skill      XL: |  1  2  3  4  5  6  7  8  9 10 11 12 |
---------------+-------------------------------------+-----
Shields        | 4 5 7 8 9 10 | 10.6
Long Blades    | 3 4 5 7 8 9 10 11 | 11.5
Fighting       | 4 5 6 7 |  7.7
Armour         | 4 5 6 7 8 |  8.0
Throwing       | 1 2 |  2.5
Dodging        | 1 2 |  2.8
Stealth        | 1 |  1.5
Invocations    | 3 6 8 |  8.7

Action                   |  1- 3 |  4- 6 |  7- 9 | 10-12 || total
-------------------------+-------+-------+-------+-------++-------
Melee: Long sword        |    95 |    36 |       |       ||   131
       Scimitar          |       |   139 |   369 |   261 ||   769
       Great sword       |       |       |       |   256 ||   256
Throw: Stone             |     5 |    13 |     5 |       ||    23
       Tomahawk          |       |       |     9 |     5 ||    14
 Abil: Dig               |       |     1 |     7 |    13 ||    21
  Use: Scroll            |     2 |     7 |    11 |     3 ||    23
       Potion            |       |       |     1 |       ||     1
  Eat: Chunk             |       |     7 |    11 |    12 ||    30
       Ration            |       |       |       |     1 ||     1
Armor: Scale mail        |    60 |    11 |       |       ||    71
       Chain mail        |       |    81 |   141 |       ||   222
       Plate armour      |       |       |     8 |   174 ||   182
Dodge: Dodged            |    43 |    50 |    97 |    91 ||   281
       Deflected         |       |       |       |     1 ||     1
Block: Shield            |    39 |   107 |   212 |   303 ||   661
       Rpst.: Long sword |    13 |     3 |       |       ||    16
       Scimitar          |       |    12 |    30 |    14 ||    56
       Great sword       |       |       |       |    15 ||    15
